 Dungeon Crawl Stone Soup version 0.29.0-13-gc9e81de378 (webtiles) character file.

Game seed: 14773106706148279197

611 Ofeo the Chiller (level 8, 0/54 (57) HPs)
             Began as a Meteoran Ice Elementalist on Sept 9, 2022.
             Was a Follower of Kikubaaqudgha.
             Slain by a scorpion (6 damage)
             ... on level 5 of the Dungeon.
             The game lasted 00:08:52 (1019 turns).

Ofeo the Chiller (Meteoran Ice Elementalist)        Turns: 1019, Time: 00:08:52

HP:   0/54 (57)     AC:  7    Str:  7 (9)  XL:     8   Next: 3%
MP:   17/17         EV: 13    Int: 18 (21) God:    Kikubaaqudgha [*.....]
Gold: 99            SH:  0    Dex: 12 (15) Spells: 0/17 levels left

rFire   . . .      SeeInvis .   d - +1 shortbow
rCold   . . .      Faith    .   (shield currently unavailable)
rNeg    . . .      Spirit   .   b - +0 leather armour of a treasure trove {Int+2}
rPois   .          Reflect  .   (no helmet)
rElec   .          Harm     .   (no cloak)
rCorr   .          Rampage  .   (no gloves)
Will    +....                   (no boots)
Stlth   +.........              (no amulet)
HPRegen 0.18/turn               g - +4 ring of protection
MPRegen 0.15/turn               (no ring)

@: brilliant, flying, glowing, drained
A: sense surroundings 1, otherworldly, glowing, explore regen, evolution 1,
inability to read after injury 1
a: Renounce Religion, Unearth Wretches


You were on level 5 of the Dungeon.
You worshipped Kikubaaqudgha.
Kikubaaqudgha was aware of your devotion.
You visited 2 branches of the dungeon, and saw 7 of its levels.

You collected 99 gold pieces.

Inventory:

Hand Weapons
 d - a +1 shortbow (weapon)
Armour
 a - a +0 robe
 b - the +0 leather armour of a treasure trove (worn) {Int+2}
   (You found it on level 4 of the Dungeon)

   Int:       It affects your intelligence (+2).
Jewellery
 g - a +4 ring of protection (left hand)
 o - a ring of poison resistance
Scrolls
 f - a scroll of vulnerability
 i - 3 scrolls of identify {@r1}
 k - a scroll of immolation


   Skills:
 + Level 5.2 Dodging
 + Level 3.4 Stealth
 + Level 5.3 Spellcasting
 + Level 6.1 Ice Magic


You couldn't memorise any spells.
You knew the following spells:

 Your Spells              Type           Power      Damage    Failure   Level
a - Freeze                Ice            100%       1d11      1%          1
b - Frozen Ramparts       Ice            80%        1d13      4%          3
c - Ozocubu's Armour      Ice            40%        N/A       4%          3
d - Hailstorm             Conj/Ice       23%        3d7       50%         4
e - Animate Dead          Necr           7%         N/A       88%         4
f - Sublimation of Blood  Necr           7%         N/A       28%         2

Your spell library contained the following spells:

 Spells                   Type           Power      Damage    Failure   Level
 Necrotise                Necr           28%        1d5       19%         1
 Portal Projectile        Hex/Tloc       14%        N/A       50%         3
 Tukima's Dance           Hex            7%         N/A       50%         3
 Vampiric Draining        Necr           7%         2d6       50%         3
 Blade Hands              Tmut           3%         N/A       99%         5


Dungeon Overview and Level Annotations

Branches:
Dungeon (6/15) Zot: 2634   Temple (1/1) D:4 Zot: 543

Altars:
Elyvilon
Hepliaklqana
Kikubaaqudgha
Trog
Uskayaw
Zin

Annotations:
D:5 Grinder, Pikel


Innate Abilities, Weirdness & Mutations

You passively map a small area around you.
You are easily found by Zot.
You glow in the dark.
You regain HP and MP as you explore.
You have hidden genetic potential.
You occasionally lose the ability to read scrolls when taking damage.


Message History

Grinder closely misses you.
You take 9 damage, and have 40/57 hp.
As you read the scroll labelled ULAMINEONI, it crumbles to dust.
It is a scroll of enchant weapon.
Your +0 shortbow glows red for a moment.
The wight hits you from afar with a +0 halberd!
Grinder hits you but does no damage.
You take 7 damage, and have 33/57 hp.
As you read the scroll labelled MOSSATHRI ZUAH, it crumbles to dust.
You assume a fearsome visage.
Grinder looks frightened!
The wight is unaffected. x2; It was a scroll of fear.
The wight hits you from afar with a +0 halberd.
You feel drained.
Grinder blinks!
You take 6 damage, and have 27/55 hp.
Unknown command.
The wight hits you from afar with a +0 halberd.
Grinder blinks!
You take 3 damage, and have 24/55 hp.
The wight attacks as you move away!
The wight hits you with a +4 short sword.
You feel drained.
Grinder blinks!
You take 3 damage, and have 21/54 hp.
The sentinel's mark upon you fades away.
The phantom hits you.
The phantom blinks!
You blink.
A scorpion and a black bear come into view.
You take 2 damage, and have 21/54 hp.
Pikel attacks as you move away!
Pikel hits you with a +0 whip of electrocution.
You are electrocuted!
* * * LOW HITPOINT WARNING * * *
The black bear growls angrily.
The lemure shouts!
Grinder grins, showing sharp teeth.
The phantom hits you.
* * * LOW HITPOINT WARNING * * *
The scorpion completely misses you.
You take 15 damage, and have 6/54 hp.
MASSIVE DAMAGE!!
The scorpion attacks as you move away! The scorpion stings you.
You die...
Kikubaaqudgha rasps: "You have failed me!
Welcome... death!"

...###....####*,......>.[........
..,* ##....#***,................,
.,,** ##.###,,,................#,
,,,,* *...,,,,,.............#..#,
,,,,**#..#,*,,,,...............#,
*,,,,,...#.###.*#..............#,
**,,*#......5n....#..#.........#*
,,,***,,,h.....##.#..#.........##
,,,* #..r......5@W...z...........
,,,* #.........hsK##z.)#.<.......
,,,* *#...........#)z.##........#
,**** ##........#5.#..##.........
,,,,* #.....?.####r#5...........#
,,,**###......####..........#....
,,,**...=...........##...........
,,,,,............r.###...........
,,,,,.##.###.........##.##...####


You could see Pikel, Grinder, 2 black bears, a lemure, a necrophage, a phantom,
a scorpion, 2 wights, a shadow imp and a quokka.

Vanquished Creatures
  A water moccasin (D:5)
  A centaur (D:4)
  A phantom (D:4)
  2 lemures (D:5)
  A scorpion (D:4)
  A jelly (D:4)
  4 hounds
  An iguana (D:5)
  6 adders
  A worm (D:4)
  A dart slug (D:2)
  4 orcs (D:5)
  7 ball pythons
  A bat (D:2)
  7 endoplasms
  3 giant cockroaches
  3 goblins
  7 hobgoblins
  9 jackals
  2 quokkas (D:4)
  A frilled lizard (D:3)
  A kobold (D:4)
  A rat (D:3)
66 creatures vanquished.

Vanquished Creatures (others)
  2 plants (D:4)
2 creatures vanquished.

Grand Total: 68 creatures vanquished

Notes
Turn   | Place    | Note
-------+----------+-------------------------------------------
     0 | D:1      | Ofeo the Meteoran Ice Elementalist began the quest for the
                  | Orb.
     0 | D:1      | Reached XP level 1. HP: 14/14 MP: 5/5
    71 | D:1      | Reached XP level 2. HP: 20/20 MP: 4/6
   128 | D:2      | Reached XP level 3. HP: 22/26 MP: 2/8
   184 | D:2      | Reached XP level 4. HP: 10/33 MP: 2/9
   226 | D:3      | Found a faded altar of an unknown god.
   271 | D:3      | Learned a level 3 spell: Frozen Ramparts
   275 | D:3      | Learned a level 3 spell: Ozocubu's Armour
   312 | D:3      | Reached skill level 5 in Ice Magic
   312 | D:3      | Reached XP level 5. HP: 38/38 MP: 7/11
   316 | D:5      | Entered Level 5 of the Dungeon
   418 | D:5      | Noticed a phantom
   418 | D:5      | Noticed a lemure
   459 | D:4      | Noticed a phantom
   481 | D:4      | Killed a phantom
   482 | D:4      | Reached XP level 6. HP: 28/45 MP: 9/13
   483 | D:4      | Found a staircase to the Ecumenical Temple.
   490 | D:4      | Noticed a centaur
   491 | Temple   | Entered the Ecumenical Temple
   529 | Temple   | Became a worshipper of Kikubaaqudgha
   554 | D:4      | Killed a centaur
   627 | D:4      | Reached XP level 7. HP: 49/50 MP: 7/14
   757 | D:5      | Learned a level 4 spell: Hailstorm
   797 | D:6      | Noticed a water moccasin
   812 | D:5      | Killed a water moccasin
   813 | D:5      | Reached skill level 5 in Spellcasting
   814 | D:5      | Noticed Pikel
   821 | D:5      | Reached skill level 5 in Dodging
   827 | D:5      | HP: 2/50 [phantom (6)]
   829 | D:5      | Gained mutation: You have hidden genetic potential. [potion
                  | of mutation]
   829 | D:5      | Gained mutation: You occasionally lose the ability to read
                  | scrolls when taking damage. [potion of mutation]
   862 | D:4      | Identified the +0 leather armour of a treasure trove
                  | {Int+2}
   910 | D:4      | Reached skill level 6 in Ice Magic
   937 | D:4      | Reached XP level 8. HP: 52/57 MP: 10/16
   972 | D:5      | Reached * piety under Kikubaaqudgha
   972 | D:5      | Received a gift from Kikubaaqudgha
   980 | D:5      | Learned a level 4 spell: Animate Dead
   983 | D:5      | Learned a level 2 spell: Sublimation of Blood
   996 | D:5      | Noticed Grinder
  1019 | D:5      | Slain by a scorpion

Illustrated notes

Levels and vault maps discovered:
D:1:      mainiacjoe_arrival_reflecting_pool, layout_basic, serial_shops,
          nicolae_shop_hallway_plus, serial_park_tiny_1, dk_noncrumbling_3,
          minmay_pentomino_v2
D:2:      layout_rooms
D:3:      layout_rooms, hellmonk_ecumenical_altar_blasted, uniq_robin,
          uniq_sigmund
D:4:      layout_loops_ring, minmay_temple_entry_overgrown
D:5:      layout_cave_pools, mainiacjoe_overflow_alcove_4, uniq_pikel,
          uniq_grinder
D:6:      cheibrodos_fzero, layout_rooms, uniq_prince_ribbit1,
          uniq_blork_the_orc
Temple:   roderic_octagonal_lattice_temple

Skill      XL: |  1  2  3  4  5  6  7 |
---------------+----------------------+-----
Spellcasting   | 3 4 5 |  5.3
Dodging        | 3 4 5 |  5.2
Stealth        | 2 3 |  3.4
Ice Magic      | 5 6 |  6.1

Action                   |  1- 3 |  4- 6 |  7- 9 || total
-------------------------+-------+-------+-------++-------
Melee: Unarmed           |     7 |    18 |       ||    25
 Fire: Shortbow          |       |     1 |     1 ||     2
 Cast: Freeze            |    26 |    39 |    38 ||   103
       Frozen Ramparts   |       |     2 |     5 ||     7
       Ozocubu's Armour  |       |       |     1 ||     1
  Use: Scroll            |       |     3 |     7 ||    10
       Potion            |       |     2 |     7 ||     9
Armor: Robe              |    19 |    18 |    23 ||    60
       Leather armour    |       |       |     1 ||     1
Dodge: Dodged            |    43 |    32 |    34 ||   109
